[Event "CZE-ch Open 2019"]
[Site "Ostrava"]
[Date "2019.05.02"]
[Round "6.5"]
[White "Zwardon, Vojtech"]
[Black "Michalik, Peter"]
[Result "1/2-1/2"]
[ECO "D31"]
[WhiteElo "2458"]
[BlackElo "2577"]
[Annotator "ChessBase"]
[PlyCount "64"]
[EventDate "2019.04.27"]
[EventType "swiss"]
[EventCountry "CZE"]
[SourceTitle "playchess.com"]
[Source "ChessBase"]
[SourceQuality "1"]
[TimeControl "40/5400+30:1800+30"]

1. c4 e6 2. Nc3 d5 3. d4 Be7 4. cxd5 exd5 5. Bf4 c6 6. e3 Bf5 7. Bd3 Bxd3 8. Qxd3 Nf6 9. Nf3 Nbd7 10. Rb1 a5 11. O-O Nh5 12. Be5 O-O 13. h3 Nxe5 14. dxe5 g6 15. Rfd1 Qb6 16. e4 dxe4 17. Nxe4 Rad8 18. Qc4 Qb4 19. b3 Nf4 20. a4 Kg7 21. g3 Ne6 22. Kg2 Qxc4 23. bxc4 Rxd1 24. Rxd1 Rb8 25. Nd4 Nxd4 26. Rxd4 b5 27. Rd7 Kf8 28. cxb5 cxb5 29. axb5 Rxb5 30. f4 Rb2+ 31. Kf3 Rb3+ 32. Kg2 Rb2+ 1/2-1/2

[Event "CZE-ch Open 2019"]
[Site "Ostrava"]
[Date "2019.05.02"]
[Round "6.9"]
[White "Nguyen, Thai Dai Van"]
[Black "Hausner, Ivan"]
[Result "0-1"]
[ECO "B29"]
[WhiteElo "2547"]
[BlackElo "2349"]
[Annotator "RC"]
[PlyCount "80"]
[EventDate "2019.04.27"]
[EventType "swiss"]
[EventCountry "CZE"]
[SourceTitle "playchess.com"]
[Source "ChessBase"]
[SourceQuality "1"]
[TimeControl "40/5400+30:1800+30"]

1. e4 c5 2. Nf3 Nf6 3. e5 Nd5 4. Nc3 e6 5. Nxd5 exd5 6. d4 Nc6 7. dxc5 Bxc5 8. Qxd5 d6 9. exd6 Qb6 10. Qe4+ Be6 11. Qh4 O-O 12. Bd3 Qb4+ 13. c3 Qxh4 14. Nxh4 Rad8 15. O-O Bxd6 16. Be2 f5 17. Nf3 h6 18. Rd1 Rfe8 19. Kf1 f4 20. b3 g5 21. h3 Be7 22. Bb2 Bf6 23. Ne1 Nb4 24. Nd3 f3 25. gxf3 Bxh3+ 26. Kg1 Nc2 27. Nf4 gxf4 28. Bc4+ Be6 29. Rxd8 Bxd8 30. Bb5 Nxa1 31. Bxe8 Nxb3 32. axb3 Bxb3 33. Ba3 Bc7 34. Bc5 b6 35. Bd4 Bc4 36. Kg2 a5 37. Kh3 Be6+ 38. Kg2 Bc4 39. Kh3 b5 40. Kg4 Be6+ 0-1

[Event "CZE-ch Open 2019"]
[Site "Ostrava"]
[Date "2019.05.02"]
[Round "6.10"]
[White "Rubes, Jan"]
[Black "Biolek, Richard Jr."]
[Result "1/2-1/2"]
[ECO "B73"]
[WhiteElo "2345"]
[BlackElo "2442"]
[Annotator "NA"]
[PlyCount "61"]
[EventDate "2019.04.27"]
[EventType "swiss"]
[EventCountry "CZE"]
[SourceTitle "playchess.com"]
[Source "ChessBase"]
[SourceQuality "1"]
[TimeControl "40/5400+30:1800+30"]

1. e4 c5 2. Nf3 d6 3. d4 cxd4 4. Nxd4 Nf6 5. Nc3 g6 6. Be2 Bg7 7. O-O O-O 8. Be3 Nc6 9. Qd2 d5 10. Rfd1 Nxd4 11. Qxd4 Nxe4 12. Qxd5 Nd6 13. Bf3 Be6 14. Qc5 Qc8 15. Nd5 Bxd5 16. Bxd5 Bxb2 17. Rab1 Bf6 18. h3 Rd8 19. Qxc8 Raxc8 20. Bxa7 Rxc2 21. Bb3 Rc3 22. Rdc1 Rdc8 23. Rxc3 Rxc3 24. Bb8 Bd4 25. Bxd6 exd6 26. Rd1 Be5 27. Kf1 Kf8 28. Ke2 f5 29. Rd5 Rc5 30. Rxc5 dxc5 31. a4 1/2-1/2

[Event "CZE-ch Open 2019"]
[Site "Ostrava"]
[Date "2019.05.02"]
[Round "6.11"]
[White "Pulpan, Jakub"]
[Black "Kulhanek, Tomas"]
[Result "1/2-1/2"]
[ECO "C15"]
[WhiteElo "2418"]
[BlackElo "2316"]
[Annotator "NA"]
[PlyCount "68"]
[EventDate "2019.04.27"]
[EventType "swiss"]
[EventCountry "CZE"]
[SourceTitle "playchess.com"]
[Source "ChessBase"]
[SourceQuality "1"]
[TimeControl "40/5400+30:1800+30"]

1. e4 e6 2. d4 d5 3. Nc3 Bb4 4. Nge2 dxe4 5. a3 Bxc3+ 6. Nxc3 Nc6 7. Bb5 Nge7 8. Nxe4 O-O 9. c3 Qd5 10. Bxc6 Nxc6 11. Qf3 f5 12. Nd2 Qd7 13. O-O e5 14. dxe5 Nxe5 15. Qe3 Ng4 16. Qf4 b6 17. f3 Nf6 18. Re1 Ba6 19. Nf1 Nd5 20. Qh4 Rae8 21. Bd2 Bxf1 22. Rxe8 Rxe8 23. Rxf1 Re2 24. Rf2 Rxf2 25. Qxf2 h6 26. h4 Qa4 27. Qe2 Nf4 28. Qe1 Qc4 29. Kh2 Ne2 30. Be3 f4 31. Bf2 Qd3 32. a4 Qc2 33. Qa1 Nxc3 34. Bxb6 cxb6 1/2-1/2

[Event "CZE-ch Open 2019"]
[Site "Ostrava"]
[Date "2019.05.02"]
[Round "6.12"]
[White "Worek, Joanna"]
[Black "Roubalik, Jakub"]
[Result "1/2-1/2"]
[ECO "C02"]
[WhiteElo "2299"]
[BlackElo "2417"]
[Annotator "NA"]
[PlyCount "68"]
[EventDate "2019.04.27"]
[EventType "swiss"]
[EventCountry "CZE"]
[SourceTitle "playchess.com"]
[Source "ChessBase"]
[SourceQuality "1"]
[TimeControl "40/5400+30:1800+30"]

1. e4 e6 2. d4 d5 3. e5 c5 4. c3 Nc6 5. Nf3 Qb6 6. a3 Nge7 7. b4 cxd4 8. cxd4 Nf5 9. Be3 f6 10. b5 Nxe3 11. fxe3 Ne7 12. Bd3 Bd7 13. Qe2 Nf5 14. O-O Be7 15. Nbd2 Nh6 16. a4 O-O 17. a5 Qd8 18. Nb3 Rc8 19. Rac1 Nf7 20. Rxc8 Bxc8 21. Qc2 g6 22. Nfd2 Kg7 23. Nf3 fxe5 24. dxe5 Ng5 25. Nfd4 Rxf1+ 26. Bxf1 Nf7 27. Qc3 Nxe5 28. Nxe6+ Bxe6 29. Qxe5+ Kf7 30. Nd4 Qc8 31. a6 bxa6 32. bxa6 Bf6 33. Qxe6+ Qxe6 34. Nxe6 Kxe6 1/2-1/2

[Event "CZE-ch Open 2019"]
[Site "Ostrava"]
[Date "2019.05.02"]
[Round "6.13"]
[White "Miesbauer, Jan"]
[Black "Serrano Salvador, Eduardo"]
[Result "1/2-1/2"]
[ECO "D11"]
[WhiteElo "2402"]
[BlackElo "2305"]
[Annotator "NA"]
[PlyCount "130"]
[EventDate "2019.04.27"]
[EventType "swiss"]
[EventCountry "CZE"]
[SourceTitle "playchess.com"]
[Source "ChessBase"]
[SourceQuality "1"]
[TimeControl "40/5400+30:1800+30"]

1. d4 d5 2. c4 c6 3. Nf3 Nf6 4. Qc2 dxc4 5. Qxc4 Bf5 6. g3 e6 7. Bg2 Nbd7 8. O-O Be7 9. Nc3 O-O 10. Nh4 Bg4 11. h3 Bh5 12. e4 Nb6 13. Qd3 Nfd7 14. Nf3 Bg6 15. Be3 Nd5 16. Rad1 Qa5 17. Nd2 Nxe3 18. Qxe3 Rfe8 19. f4 h6 20. Kh1 Rad8 21. a3 Qb6 22. b4 Qa6 23. Ra1 Nb6 24. Rfc1 Nc8 25. e5 Qd3 26. Qxd3 Bxd3 27. Nb3 Nb6 28. Nc5 Bxc5 29. dxc5 Nd5 30. Bxd5 exd5 31. Rd1 Bc4 32. Re1 f6 33. exf6 gxf6 34. Kg1 Kf7 35. Kf2 h5 36. Rxe8 Rxe8 37. Re1 Rb8 38. Ke3 Rg8 39. Kf2 b5 40. Ne2 Bxe2 41. Rxe2 a5 42. bxa5 Ra8 43. f5 Rxa5 44. Re6 Ra6 45. h4 d4 46. Rd6 Rxa3 47. Rxc6 Rc3 48. Rc7+ Ke8 49. c6 Rc5 50. Rd7 Rxc6 51. Rxd4 Rc5 52. Rf4 Re5 53. g4 hxg4 54. Kg3 Rc5 55. Kxg4 Kf7 56. Rd4 Rc7 57. Rb4 Rb7 58. Kf3 Kg7 59. Ke4 Kh6 60. Kd5 Kh5 61. Ke6 Rb6+ 62. Ke7 Kh6 63. Kf7 Kh7 64. Ke7 Kh6 65. Kf7 Kh7 1/2-1/2

[Event "CZE-ch Open 2019"]
[Site "Ostrava"]
[Date "2019.05.02"]
[Round "6.14"]
[White "Mrazek, Lumir"]
[Black "Ludvik, Tomas"]
[Result "1-0"]
[ECO "B57"]
[WhiteElo "2364"]
[BlackElo "2222"]
[Annotator "NA"]
[PlyCount "47"]
[EventDate "2019.04.27"]
[EventType "swiss"]
[EventCountry "CZE"]
[SourceTitle "playchess.com"]
[Source "ChessBase"]
[SourceQuality "1"]
[TimeControl "40/5400+30:1800+30"]

1. e4 c5 2. Nf3 d6 3. d4 cxd4 4. Nxd4 Nf6 5. Nc3 Nc6 6. Bc4 Qb6 7. Nxc6 bxc6 8. O-O g6 9. Qe2 Bg7 10. e5 dxe5 11. Qxe5 O-O 12. Qxe7 Bf5 13. Bb3 Rae8 14. Qd6 Ng4 15. Bf4 Bd4 16. Bg3 Rd8 17. Qf4 Rfe8 18. Rad1 a5 19. h3 Ne5 20. Na4 Qa7 21. Qh4 Bb6 22. Nxb6 Rxd1 23. Rxd1 Qxb6 24. Bxe5 1-0

[Event "CZE-ch Open 2019"]
[Site "Ostrava"]
[Date "2019.05.02"]
[Round "6.15"]
[White "Vrana, Frantisek"]
[Black "Jasny, Stanislav"]
[Result "0-1"]
[ECO "B08"]
[WhiteElo "2267"]
[BlackElo "2347"]
[Annotator "NA"]
[PlyCount "115"]
[EventDate "2019.04.27"]
[EventType "swiss"]
[EventCountry "CZE"]
[SourceTitle "playchess.com"]
[Source "ChessBase"]
[SourceQuality "1"]
[TimeControl "40/5400+30:1800+30"]

1. e4 g6 2. d4 Bg7 3. Nc3 d6 4. Be2 Nf6 5. Nf3 O-O 6. O-O Nc6 7. Bg5 h6 8. Bh4 g5 9. Bg3 Nh5 10. d5 Nxg3 11. hxg3 Ne5 12. Nxe5 Bxe5 13. Bg4 c6 14. Bxc8 Rxc8 15. Qh5 Kg7 16. Nd1 e6 17. c3 Qb6 18. Kh2 cxd5 19. f4 Bf6 20. exd5 gxf4 21. Rxf4 Bg5 22. Rb4 Qc5 23. Qf3 b6 24. Nf2 Qxd5 25. Qxd5 exd5 26. Nd3 Rfe8 27. Rd4 Re2 28. Rxd5 Rce8 29. Rf1 Rd2 30. Rf2 Rxf2 31. Nxf2 Re2 32. Nd3 Be7 33. a4 Rd2 34. b3 Rc2 35. c4 Rc3 36. Nb4 Rxb3 37. Nc6 Bf6 38. Rxd6 Rc3 39. Nxa7 Be5 40. Nb5 Rxc4 41. Rxb6 Rh4+ 42. Kg1 Rxa4 43. Kf2 Rb4 44. Rb7 h5 45. Kf3 Kg6 46. Rb6+ Kg5 47. Rb7 f5 48. Rb6 Rb3+ 49. Ke2 Bxg3 50. Rb7 Rb2+ 51. Kf3 h4 52. Nd6 Rf2+ 53. Ke3 Rxg2 54. Rg7+ Kf6 55. Ne8+ Ke6 56. Nc7+ Ke5 57. Rh7 Rb2 58. Rh6 0-1

[Event "CZE-ch Open 2019"]
[Site "Ostrava"]
[Date "2019.05.02"]
[Round "6.16"]
[White "Blatny, Pavel"]
[Black "Freisler, Pavel"]
[Result "1-0"]
[ECO "A00"]
[WhiteElo "2326"]
[BlackElo "2245"]
[Annotator "NA"]
[PlyCount "59"]
[EventDate "2019.04.27"]
[EventType "swiss"]
[EventCountry "CZE"]
[SourceTitle "playchess.com"]
[Source "ChessBase"]
[SourceQuality "1"]
[TimeControl "40/5400+30:1800+30"]

1. e3 d5 2. b3 Nf6 3. Bb2 g6 4. f4 Bg7 5. Be2 c5 6. Nf3 O-O 7. O-O Nc6 8. Ne5 Nxe5 9. Bxe5 Ne8 10. Bxg7 Nxg7 11. g4 e5 12. Qe1 exf4 13. exf4 Re8 14. Qf2 Qe7 15. Bf3 Be6 16. Nc3 Rad8 17. Rae1 Qd6 18. Be2 Bd7 19. Qh4 Bc6 20. f5 d4 21. fxg6 fxg6 22. Rf6 Qd7 23. Bc4+ Kh8 24. Ne2 Qe7 25. Ref1 Qe4 26. Qh3 d3 27. Bxd3 Qd5 28. Bxg6 Qg2+ 29. Qxg2 Bxg2 30. Bxe8 1-0

[Event "CZE-ch Open 2019"]
[Site "Ostrava"]
[Date "2019.05.02"]
[Round "6.17"]
[White "Svanda, Ondrej"]
[Black "Babula, Milan"]
[Result "0-1"]
[ECO "C10"]
[WhiteElo "2309"]
[BlackElo "2204"]
[Annotator "NA"]
[PlyCount "126"]
[EventDate "2019.04.27"]
[EventType "swiss"]
[EventCountry "CZE"]
[SourceTitle "playchess.com"]
[Source "ChessBase"]
[SourceQuality "1"]
[TimeControl "40/5400+30:1800+30"]

1. e4 e6 2. d4 d5 3. Nc3 h6 4. Bd3 Nf6 5. e5 Nfd7 6. Nce2 b6 7. c3 Ba6 8. Bc2 c5 9. f4 g6 10. Nf3 Nc6 11. O-O Qc7 12. Be3 O-O-O 13. a3 Kb8 14. b4 cxd4 15. cxd4 Bc4 16. Re1 b5 17. Nd2 Nb6 18. Nc3 a6 19. Bf2 Be7 20. Qf3 h5 21. Nd1 Rd7 22. Nb2 Qc8 23. Nd3 Bxd3 24. Bxd3 Nc4 25. Nb3 Ra7 26. Reb1 Kc7 27. Qe2 Qa8 28. Nc5 Bxc5 29. dxc5 a5 30. Qd1 axb4 31. axb4 Rxa1 32. Rxa1 Qb7 33. Rb1 Rd8 34. Bf1 Rd7 35. h3 Kc8 36. g4 hxg4 37. hxg4 Qb8 38. Rb3 g5 39. Bg3 gxf4 40. Bxf4 Qa7 41. Rb1 Nxb4 42. Qb3 Qxc5+ 43. Kh1 Nc6 44. Qxb5 Qxb5 45. Rxb5 Nd4 46. Rb4 Rb7 47. Ra4 Rb1 48. Kg2 Rb2+ 49. Kh3 Rf2 50. Bxc4 Rxf4 51. Ba2 Kd8 52. Bb1 Rf1 53. Rxd4 Rxb1 54. Kg3 Re1 55. Kf4 Kc7 56. Ra4 Kb6 57. Rb4+ Kc5 58. Rb7 d4 59. Kf3 d3 60. Rd7 Kc4 61. Kf2 Rxe5 62. Rxf7 d2 63. Rd7 Kc3 0-1

[Event "CZE-ch Open 2019"]
[Site "Ostrava"]
[Date "2019.05.02"]
[Round "6.18"]
[White "Sramek, Vojtech"]
[Black "Neumann, Filip"]
[Result "1-0"]
[ECO "C54"]
[WhiteElo "2304"]
[BlackElo "2076"]
[Annotator "NA"]
[PlyCount "121"]
[EventDate "2019.04.27"]
[EventType "swiss"]
[EventCountry "CZE"]
[SourceTitle "playchess.com"]
[Source "ChessBase"]
[SourceQuality "1"]
[TimeControl "40/5400+30:1800+30"]

1. e4 e5 2. Nf3 Nc6 3. Bc4 Bc5 4. c3 Nf6 5. d3 d6 6. a4 a6 7. O-O Ba7 8. Bg5 h6 9. Bh4 g5 10. Bg3 Bg4 11. h3 Bd7 12. Nbd2 Qe7 13. b4 Nh5 14. Bh2 g4 15. hxg4 Bxg4 16. Re1 Rg8 17. d4 exd4 18. e5 d5 19. Bxd5 dxc3 20. Bxc6+ bxc6 21. Ne4 Rd8 22. Nf6+ Nxf6 23. exf6 Rxd1 24. Raxd1 Qxe1+ 25. Rxe1+ Be6 26. Bxc7 Rg4 27. Rxe6+ Kd7 28. Re7+ Kc8 29. Bd6 Bd4 30. Be5 Bxe5 31. Rxe5 Rxb4 32. Rc5 Rxa4 33. Rxc6+ Kb7 34. Rxc3 Rf4 35. Rb3+ Kc7 36. Rc3+ Kb7 37. Rb3+ Kc7 38. Kf1 Rxf6 39. Ke2 a5 40. Nd4 a4 41. Ra3 Ra6 42. Kd3 Kd6 43. Kc4 Ke5 44. Nb5 Rg6 45. Re3+ Kf6 46. g3 Rg4+ 47. Nd4 h5 48. Rf3+ Kg6 49. Ra3 h4 50. gxh4 Rf4 51. f3 Rxh4 52. Rxa4 Rf4 53. Kd5 Kg5 54. Ke5 f6+ 55. Kd5 Kg6 56. Ra8 Kf7 57. Rf8+ Ke7 58. Rg8 Kf7 59. Rg4 Rxg4 60. fxg4 Kg6 61. Ke4 1-0

[Event "CZE-ch Open 2019"]
[Site "Ostrava"]
[Date "2019.05.02"]
[Round "6.19"]
[White "Riha, Vojtech"]
[Black "Otruba, Marek"]
[Result "1-0"]
[ECO "B20"]
[WhiteElo "2288"]
[BlackElo "2103"]
[Annotator "NA"]
[PlyCount "113"]
[EventDate "2019.04.27"]
[EventType "swiss"]
[EventCountry "CZE"]
[SourceTitle "playchess.com"]
[Source "ChessBase"]
[SourceQuality "1"]
[TimeControl "40/5400+30:1800+30"]

1. e4 c5 2. b4 cxb4 3. a3 d5 4. exd5 Qxd5 5. Nf3 e5 6. Bb2 Nc6 7. c4 Qd8 8. Nxe5 bxa3 9. Nxa3 Nf6 10. Be2 Bd6 11. Nxc6 bxc6 12. O-O O-O 13. Bf3 Rb8 14. Bc3 Bc7 15. g3 Qd3 16. Re1 Bb6 17. Bxf6 gxf6 18. Be4 Qd4 19. Qf3 Bd7 20. Nc2 Qxc4 21. Ne3 Bxe3 22. Qxe3 f5 23. Rxa7 fxe4 24. Rxd7 Qe6 25. Qg5+ Qg6 26. Qxg6+ hxg6 27. Rxe4 Rbd8 28. Ree7 Rxd7 29. Rxd7 Rc8 30. Kf1 Kg7 31. Ke2 Kf6 32. h4 Ke6 33. Ra7 f5 34. Ke3 Ke5 35. d4+ Kf6 36. Kd3 f4 37. g4 Rh8 38. Ke4 Rxh4 39. Kxf4 Rh1 40. Ra6 Rc1 41. d5 Rc4+ 42. Kf3 Kg5 43. Rxc6 Rf4+ 44. Ke3 Rxg4 45. Re6 Kf5 46. Re8 Rg1 47. Kd4 Kf6 48. Kc5 Kf7 49. Re2 Rc1+ 50. Kb6 Rd1 51. Kc6 Rc1+ 52. Kd7 Rd1 53. d6 Rc1 54. Kd8 Rd1 55. d7 Rd3 56. Rc2 Ra3 57. Kc7 1-0

[Event "CZE-ch Open 2019"]
[Site "Ostrava"]
[Date "2019.05.02"]
[Round "6.20"]
[White "Liska, Jiri"]
[Black "Malik, Jan"]
[Result "1-0"]
[ECO "A13"]
[WhiteElo "2236"]
[BlackElo "2286"]
[Annotator "NA"]
[PlyCount "57"]
[EventDate "2019.04.27"]
[EventType "swiss"]
[EventCountry "CZE"]
[SourceTitle "playchess.com"]
[Source "ChessBase"]
[SourceQuality "1"]
[TimeControl "40/5400+30:1800+30"]

1. c4 e6 2. g3 d5 3. Bg2 Nf6 4. Nf3 c6 5. b3 Be7 6. O-O O-O 7. Qc2 b6 8. d4 Bb7 9. Nc3 Na6 10. Rd1 Qc8 11. Bg5 h6 12. Bxf6 Bxf6 13. e4 c5 14. exd5 Nb4 15. Qd2 exd5 16. a3 cxd4 17. Nb5 Nc6 18. cxd5 Na5 19. Nfxd4 Qd7 20. Qb4 Rfc8 21. Rab1 Rc5 22. Nc6 a6 23. Nbd4 Rxd5 24. Bxd5 Qxd5 25. Qxb6 Qe4 26. Rbc1 Rc8 27. Qxa5 Bxd4 28. Rxd4 Qxd4 29. Ne7+ 1-0

[Event "CZE-ch Open 2019"]
[Site "Ostrava"]
[Date "2019.05.02"]
[Round "6.21"]
[White "Belunek, Vladimir"]
[Black "Michenka, Jozef"]
[Result "1-0"]
[ECO "A22"]
[WhiteElo "2201"]
[BlackElo "2287"]
[Annotator "NA"]
[PlyCount "65"]
[EventDate "2019.04.27"]
[EventType "swiss"]
[EventCountry "CZE"]
[SourceTitle "playchess.com"]
[Source "ChessBase"]
[SourceQuality "1"]
[TimeControl "40/5400+30:1800+30"]

1. c4 e5 2. Nc3 Nf6 3. g3 d5 4. cxd5 Nxd5 5. Bg2 Nb6 6. Nf3 Nc6 7. O-O Be7 8. a3 a5 9. d3 O-O 10. Na4 Nxa4 11. Qxa4 Bd7 12. Qc2 Be6 13. b3 Rb8 14. e3 Bd5 15. Bb2 Bf6 16. Rad1 Re8 17. e4 Be6 18. h3 Qd7 19. Kh2 g6 20. Bc3 Qe7 21. Qb2 Rbd8 22. b4 axb4 23. axb4 Bc8 24. b5 Nb8 25. d4 exd4 26. Nxd4 Qc5 27. f4 Nd7 28. e5 Bg7 29. Bb4 Qb6 30. Qc3 Qa7 31. Qxc7 Bf8 32. Bxf8 Nxf8 33. Nc6 1-0

[Event "CZE-ch Open 2019"]
[Site "Ostrava"]
[Date "2019.05.02"]
[Round "6.22"]
[White "Vokac, Marek"]
[Black "Bures, Martin"]
[Result "1-0"]
[ECO "A34"]
[WhiteElo "2343"]
[BlackElo "2150"]
[Annotator "NA"]
[PlyCount "85"]
[EventDate "2019.04.27"]
[EventType "swiss"]
[EventCountry "CZE"]
[SourceTitle "playchess.com"]
[Source "ChessBase"]
[SourceQuality "1"]
[TimeControl "40/5400+30:1800+30"]

1. c4 Nf6 2. Nc3 c5 3. g3 d5 4. cxd5 Nxd5 5. Bg2 Nc7 6. Nf3 Nc6 7. O-O e5 8. d3 Be7 9. Nd2 O-O 10. Nc4 f6 11. f4 Be6 12. f5 Bf7 13. Ne3 Rb8 14. Kh1 Nd4 15. Bd2 Qd7 16. g4 Rfc8 17. b3 b5 18. Rc1 b4 19. Ne4 Nd5 20. Nc4 Nb6 21. Be1 h6 22. Bg3 Nxc4 23. dxc4 Qc7 24. e3 Nc6 25. h4 Rd8 26. Qe2 Rd7 27. g5 hxg5 28. hxg5 Kf8 29. Qg4 Nd8 30. gxf6 Bxf6 31. Rcd1 Rxd1 32. Rxd1 Rb6 33. Kg1 Nb7 34. Bh4 Bxh4 35. Qxh4 Rh6 36. Qg5 Rh5 37. Qg4 Nd8 38. f6 g6 39. Qd7 Qxd7 40. Rxd7 Ne6 41. Nd6 Rh7 42. Bd5 Be8 43. Rxh7 1-0

[Event "CZE-ch Open 2019"]
[Site "Ostrava"]
[Date "2019.05.02"]
[Round "6.23"]
[White "Jun, Rudolf Jr."]
[Black "Obsivac, Josef"]
[Result "1/2-1/2"]
[ECO "B40"]
[WhiteElo "2138"]
[BlackElo "2285"]
[Annotator "NA"]
[PlyCount "88"]
[EventDate "2019.04.27"]
[EventType "swiss"]
[EventCountry "CZE"]
[SourceTitle "playchess.com"]
[Source "ChessBase"]
[SourceQuality "1"]
[TimeControl "40/5400+30:1800+30"]

1. e4 c5 2. Nf3 e6 3. c4 Nc6 4. Nc3 Nf6 5. Be2 b6 6. O-O Bb7 7. d4 cxd4 8. Nxd4 Nxd4 9. Qxd4 Bc5 10. Qd3 Qc7 11. a3 a6 12. b4 Be7 13. Be3 d6 14. f3 Nd7 15. Rac1 O-O 16. Rfd1 Rab8 17. Qd4 Ba8 18. Na4 Rfd8 19. Kh1 Qb7 20. Qd2 h6 21. Qe1 Qc6 22. Nc3 Ne5 23. Qf2 Nd7 24. Qg3 Kh8 25. f4 Nf6 26. Bf3 Qe8 27. e5 dxe5 28. fxe5 Rxd1+ 29. Rxd1 Nd7 30. Bxa8 Rxa8 31. Ne4 a5 32. Nd6 Qf8 33. c5 axb4 34. axb4 bxc5 35. bxc5 f6 36. exf6 Nxf6 37. Qg6 Bxd6 38. cxd6 Qe8 39. Qd3 Qa4 40. h3 Rd8 41. Rf1 Qe4 42. Qxe4 Nxe4 43. Bf4 Nxd6 44. Re1 Nf5 1/2-1/2

[Event "CZE-ch Open 2019"]
[Site "Ostrava"]
[Date "2019.05.02"]
[Round "6.24"]
[White "Vybiral, Zdenek"]
[Black "Malinovsky, Petr"]
[Result "1-0"]
[ECO "A13"]
[WhiteElo "2274"]
[BlackElo "2003"]
[Annotator "NA"]
[PlyCount "35"]
[EventDate "2019.04.27"]
[EventType "swiss"]
[EventCountry "CZE"]
[SourceTitle "playchess.com"]
[Source "ChessBase"]
[SourceQuality "1"]
[TimeControl "40/5400+30:1800+30"]

1. c4 e6 2. Nf3 d5 3. b3 f5 4. g3 Nf6 5. Bg2 c5 6. O-O b6 7. cxd5 exd5 8. Bb2 Bd6 9. d4 Bb7 10. Qc2 O-O 11. Qxf5 Ne4 12. Qe6+ Kh8 13. dxc5 bxc5 14. Nbd2 Na6 15. Nxe4 dxe4 16. Qg4 Qe7 17. Ng5 Rae8 18. Qh5 1-0

[Event "CZE-ch Open 2019"]
[Site "Ostrava"]
[Date "2019.05.02"]
[Round "6.25"]
[White "Ockay, Tomas"]
[Black "Jedlicka, Ales"]
[Result "1-0"]
[ECO "A05"]
[WhiteElo "2131"]
[BlackElo "2236"]
[Annotator "NA"]
[PlyCount "97"]
[EventDate "2019.04.27"]
[EventType "swiss"]
[EventCountry "CZE"]
[SourceTitle "playchess.com"]
[Source "ChessBase"]
[SourceQuality "1"]
[TimeControl "40/5400+30:1800+30"]

1. Nf3 Nf6 2. b3 g6 3. Bb2 Bg7 4. g3 d6 5. d4 O-O 6. Bg2 c5 7. O-O cxd4 8. Nxd4 d5 9. c4 dxc4 10. bxc4 Qb6 11. Qb3 Nfd7 12. Rd1 Na6 13. e3 Nac5 14. Qc2 Ne5 15. Nd2 Bd7 16. Ba3 Rac8 17. Rab1 Qa6 18. Bxc5 Rxc5 19. Bxb7 Qa4 20. Be4 Nxc4 21. Nxc4 Rxc4 22. Qxa4 Bxa4 23. Rdc1 Rxc1+ 24. Rxc1 Bxd4 25. exd4 Rd8 26. d5 Rd7 27. Rc5 Kg7 28. Ra5 Bd1 29. f4 Rc7 30. Kf2 f5 31. Bd3 Rd7 32. Ke3 h6 33. h4 Bg4 34. Bc4 Bh3 35. Ra6 Rc7 36. Rc6 Rb7 37. Kd4 Bg2 38. Ke5 a5 39. Ke6 Bf3 40. Rc8 a4 41. Re8 Rb4 42. Rxe7+ Kf8 43. Rc7 a3 44. d6 Rb6 45. Rf7+ Kg8 46. Ke5 Rb4 47. Be6 Rb5+ 48. Kf6 Bd5 49. d7 1-0

[Event "CZE-ch Open 2019"]
[Site "Ostrava"]
[Date "2019.05.02"]
[Round "6.26"]
[White "Kana, Pavel"]
[Black "Kanakova, Natalie"]
[Result "1/2-1/2"]
[ECO "B30"]
[WhiteElo "2013"]
[BlackElo "2202"]
[Annotator "NA"]
[PlyCount "81"]
[EventDate "2019.04.27"]
[EventType "swiss"]
[EventCountry "CZE"]
[SourceTitle "playchess.com"]
[Source "ChessBase"]
[SourceQuality "1"]
[TimeControl "40/5400+30:1800+30"]

1. e4 c5 2. Nf3 Nc6 3. Bb5 Nf6 4. Nc3 g6 5. O-O Bg7 6. Re1 O-O 7. e5 Ng4 8. Bxc6 dxc6 9. h3 Nh6 10. g4 Qc7 11. d3 f5 12. g5 Nf7 13. Bf4 Nd8 14. Qd2 Ne6 15. Qe3 b6 16. Kg2 Bb7 17. Kg3 Qd7 18. Rac1 h5 19. gxh6 Bxh6 20. Bxh6 f4+ 21. Bxf4 Nxf4 22. e6 Qd6 23. Qe5 Qxe5 24. Rxe5 Rf6 25. Ng5 Raf8 26. f3 Kg7 27. Rce1 Bc8 28. Nce4 Rf5 29. Nf2 Nh5+ 30. Kg2 Rxe5 31. Rxe5 Rf5 32. Ng4 Rxe5 33. Nxe5 Kf6 34. Nef7 Nf4+ 35. Kg3 Nxe6 36. f4 Nd4 37. c3 Nf5+ 38. Kf3 Nh4+ 39. Kg3 Nf5+ 40. Kf3 Nh4+ 41. Ke4 {Ke5+} 1/2-1/2

[Event "CZE-ch Open 2019"]
[Site "Ostrava"]
[Date "2019.05.02"]
[Round "6.27"]
[White "Vorisek, Jakub"]
[Black "Vesselovsky, Serguei"]
[Result "1/2-1/2"]
[ECO "B70"]
[WhiteElo "1991"]
[BlackElo "2335"]
[Annotator "NA"]
[PlyCount "60"]
[EventDate "2019.04.27"]
[EventType "swiss"]
[EventCountry "CZE"]
[SourceTitle "playchess.com"]
[Source "ChessBase"]
[SourceQuality "1"]
[TimeControl "40/5400+30:1800+30"]

1. e4 c5 2. Nf3 d6 3. d4 cxd4 4. Nxd4 Nf6 5. Nc3 g6 6. Be2 Bg7 7. O-O O-O 8. Bg5 Nbd7 9. Kh1 Nc5 10. f3 Bd7 11. Qd2 Re8 12. Rad1 Rc8 13. Nd5 Nxd5 14. exd5 Qb6 15. b3 e5 16. dxe6 Nxe6 17. Nxe6 Bxe6 18. c4 d5 19. Be3 Qc7 20. cxd5 Bxd5 21. Qxd5 Rxe3 22. Bc4 Re5 23. Qd7 Re7 24. Qxc7 Rexc7 25. Rd2 Bf6 26. Rfd1 Re8 27. g3 Kg7 28. Rd7 Rxd7 29. Rxd7 Re7 30. Rxe7 Bxe7 1/2-1/2

[Event "CZE-ch Open 2019"]
[Site "Ostrava"]
[Date "2019.05.02"]
[Round "6.28"]
[White "Jurek, Josef"]
[Black "Taus, Martin"]
[Result "0-1"]
[ECO "A05"]
[WhiteElo "2269"]
[BlackElo "2104"]
[Annotator "NA"]
[PlyCount "86"]
[EventDate "2019.04.27"]
[EventType "swiss"]
[EventCountry "CZE"]
[SourceTitle "playchess.com"]
[Source "ChessBase"]
[SourceQuality "1"]
[TimeControl "40/5400+30:1800+30"]

1. Nf3 Nf6 2. c4 d6 3. d4 Bg4 4. Qb3 Qc8 5. h3 Bh5 6. Nc3 Nc6 7. d5 Bxf3 8. gxf3 Nd4 9. Qd1 e5 10. e3 Nf5 11. e4 Nh4 12. f4 Be7 13. f5 h6 14. Rg1 g6 15. fxg6 fxg6 16. f4 exf4 17. Bxf4 Nxe4 18. Bd3 Nxc3 19. bxc3 Qxh3 20. Qa4+ Qd7 21. Qxd7+ Kxd7 22. O-O-O Raf8 23. Be3 g5 24. Bf1 Rf3 25. Rd3 g4 26. Bd4 Rg8 27. Be2 Rxd3 28. Bxd3 g3 29. Be4 Rg4 30. Bd3 g2 31. Bf2 Rg7 32. Bxh4 Bxh4 33. Be4 Rg3 34. Rxg2 Rxc3+ 35. Kd2 Rxc4 36. Rg7+ Ke8 37. Kd3 Rc5 38. Rh7 Bg5 39. Bg6+ Kf8 40. Kd4 Bf6+ 41. Ke4 Bg7 42. Bf5 Kg8 43. Kf4 Rc4+ 0-1

[Event "CZE-ch Open 2019"]
[Site "Ostrava"]
[Date "2019.05.02"]
[Round "6.29"]
[White "Valencik, Jozef"]
[Black "Bulockin, Martin"]
[Result "1/2-1/2"]
[ECO "D00"]
[WhiteElo "2057"]
[BlackElo "2199"]
[Annotator "NA"]
[PlyCount "71"]
[EventDate "2019.04.27"]
[EventType "swiss"]
[EventCountry "CZE"]
[SourceTitle "playchess.com"]
[Source "ChessBase"]
[SourceQuality "1"]
[TimeControl "40/5400+30:1800+30"]

1. d4 d5 2. Bf4 c5 3. e3 cxd4 4. exd4 Nc6 5. c3 Bf5 6. Qb3 Qd7 7. Nf3 a6 8. Nbd2 e6 9. Nh4 Nge7 10. Nxf5 Nxf5 11. Bd3 Bd6 12. Bxd6 Nxd6 13. O-O O-O 14. Nf3 f6 15. Qc2 g6 16. Rae1 Qf7 17. Re2 Rac8 18. Qd2 Rfe8 19. Rfe1 Rcd8 20. Qh6 Re7 21. h4 Rde8 22. Nh2 Qg7 23. Qd2 Qf7 24. Ng4 Kh8 25. Qf4 Nf5 26. Bxf5 exf5 27. Rxe7 Rxe7 28. Rxe7 Qxe7 29. Ne3 Qd7 30. g4 Ne7 31. gxf5 Nxf5 32. Nxf5 gxf5 33. h5 Kg7 34. Kg2 b5 35. Kg3 Qe6 36. Qf3 1/2-1/2